Cogmind - Beta 12 @@@ ROGUE MODE // 2023.08.14 @ 16:42:33 Player: pappous Result: Destroyed by 8R-AWN with 8R-AWN's Boregun Performance ------------- Evolutions (1) 500 Regions Visited (5) 1000 Robots Destroyed (49) 245 Value Destroyed (1198) 1198 Prototype IDs (23) 460 Alien Tech Used (0) 0 Bonus (-595) -595 TOTAL SCORE: 2808 Bonus ------- Follower Combat Kills 75 Aligned with FarCom 300 Friendly Fire -970 Cogmind --------- Core Integrity 0/400 Matter 91/500 Energy 33/100 System Corruption 0% Temperature Cool (0) Movement Rolling (120) Ox2 Location -9/Exiles Parts ------- > --- POWER (1) -------- (None) > --- PROPULSION (2) --- Armored Wheel > --- UTILITY (4) ------ Large Storage Unit High-capacity Matter Pod > --- WEAPON (2) ------- Beam Rifle Heavy Assault Rifle > --- INVENTORY (15) --- Cooling System Improved Grenade Launcher Improved Grenade Launcher Improved Grenade Launcher Heavy Hammer Peak State ------------ > --- POWER ------------ Improved Ion Engine > --- PROPULSION ------- Light Treads Light Treads > --- UTILITY ---------- Heat Sink Improved Heat Sink Cooling System Large Storage Unit > --- WEAPON ----------- Beam Rifle Heavy Assault Rifle > --- INVENTORY -------- Ion Engine Nuclear Core Light Treads Improved Treads Armored Wheel High-capacity Matter Pod Hardened Light Armor Plating Beam Rifle Beam Rifle Heavy Assault Rifle Autogun Improved Grenade Launcher Improved Grenade Launcher Improved Grenade Launcher Heavy Hammer [Rating: 18] Favorites ----------- Power Ion Engine Engine Ion Engine Propulsion Light Treads Treads Light Treads Wheel Wheel Utility Heat Sink Device Heat Sink Storage Large Storage Unit Protection Weapon Shielding Weapon Beam Cannon Energy Gun Beam Rifle Energy Cannon Beam Cannon Ballistic Gun Light Assault Rifle Launcher Grenade Launcher Build | -11 -10 -10 -9 -9 -9 ------- Run | Jun Mat Min Mat Min Exi Slots Evolved 2 | . . . 2 . . Power . | . . . . . . Propulsion . | . . . . . . Utility 2 | . . . 2 . . Weapon . | . . . . . . Parts Attached 64 | 6 10 5 24 3 16 Power 9 | 1 3 . 3 1 1 Engine 9 | 1 3 . 3 1 1 Core . | . . . . . . Reactor . | . . . . . . Propulsion 18 | 2 2 2 9 . 3 Treads 13 | 1 . 1 9 . 2 Leg . | . . . . . . Wheel 5 | 1 2 1 . . 1 Hover . | . . . . . . Flight . | . . . . . . Utility 13 | 1 3 1 4 . 4 Device 5 | . . 1 3 . 1 Storage 4 | 1 1 . 1 . 1 Processor . | . . . . . . Hackware . | . . . . . . Protection 4 | . 2 . . . 2 Artifact . | . . . . . . Weapon 24 | 2 2 2 8 2 8 Energy Gun 6 | . 1 1 1 . 3 Energy Cannon 2 | . 1 . 1 . . Ballistic Gun 11 | 2 . 1 4 1 3 Ballistic Cannon . | . . . . . . Launcher 5 | . . . 2 1 2 Special Weapon . | . . . . . . Impact Weapon . | . . . . . . Slashing Weapon . | . . . . . . Piercing Weapon . | . . . . . . Special Melee Weapon . | . . . . . . Unidentified Prototypes . | . . . . . . Parts Lost 19 | . 1 3 1 . 14 Power 2 | . . . . . 2 Propulsion 6 | . 1 1 . . 4 Utility 5 | . . 1 . . 4 Weapon 6 | . . 1 1 . 4 Highest Loss Streak 8 | . 1 3 1 . 8 To Critical Strikes 10 | . . . . . 10 Average Slot Usage (%) 97 | . 97 99 97 99 96 Engine 11 | . 14 14 11 10 10 Treads 17 | . 14 13 18 22 21 Wheel 6 | . 13 14 3 . . Device 18 | . . 10 30 33 20 Storage 12 | . 14 14 11 11 11 Protection 5 | . 11 3 . . 10 Energy Gun 5 | . 5 1 2 11 10 Energy Cannon 5 | . 2 14 8 . . Ballistic Gun 12 | . 19 12 10 10 11 Naked Turns . | . . . . . . Heaviest Build 46 | 11 21 22 35 37 46 Greatest Support 40 | 20 20 20 40 40 40 Greatest Overweight (x) 2 | . 2 2 2 . 1 Average Overweight (x) . | . . . . . . Largest Inventory Capacity 15 | 8 10 10 15 15 15 Average Capacity 12 | 6 9 10 13 15 15 Most Carried 15 | 3 10 10 15 15 15 Average Carried 11 | 1 8 9 12 14 14 Final Capacity 15 | 8 10 10 15 15 15 Final Carried 15 | 3 10 10 15 15 5 Class Distribution -------------------- 59% | Scavenger-Mutant 40% | Mutant Dominant Class ---------------- Mutant | -10/Materials Mutant | -10/Mines Scavenger-Mutant | -9/Materials Scavenger-Mutant | -9/Mines Scavenger-Mutant | -9/Exiles Resources | -11 -10 -10 -9 -9 -9 ----------- Run | Jun Mat Min Mat Min Exi Matter Collected 1248 | 185 377 265 400 21 . Remotely . | . . . . . . Salvage Created 1627 | . 444 196 954 13 20 Parts 101 | . 32 7 59 3 . Haulers Intercepted 4 | . 1 . 3 . . Recyclers Shooed 1 | . 1 . . . . Parts Field Recycled . | . . . . . . Retrieved Matter . | . . . . . . Parts Self-Destructed . | . . . . . . Prevented . | . . . . . . Kills | -11 -10 -10 -9 -9 -9 ------- Run | Jun Mat Min Mat Min Exi Combat Hostiles Destroyed 44 | . 11 7 22 3 1 Guns 23 | . 9 4 9 . 1 Cannons 16 | . 2 3 11 . . AOE 5 | . . . 2 3 . Classes Destroyed 10 | . 3 1 6 . . Worker 1 | . . . 1 . . Builder 1 | . . . 1 . . Hauler 4 | . 1 . 3 . . Recycler 1 | . . . 1 . . Watcher 1 | . . . 1 . . Swarmer 15 | . 3 . 9 3 . Grunt 19 | . 8 5 6 . . Duelist 1 | . . . 1 . . Sentry 6 | . . . 6 . . Assembled 9 | . . 2 . . 7 Best Kill Streak 7 | . 2 2 7 3 1 Combat Bots Only 4 | . 2 2 4 3 1 Max Kills in Single Turn 6 | . 1 1 2 2 6 Gunslinging . | . . . . . . Exploded 2 | . . . 1 2 . Melee . | . . . . . . Uniques/NPCs Destroyed . | . . . . . . Combat | -11 -10 -10 -9 -9 -9 -------- Run | Jun Mat Min Mat Min Exi Damage Taken 3624 | . 465 426 1011 63 1659 Core 568 | . 53 100 109 . 306 Absorbed by Shields . | . . . . . . Redirected to Shielding 129 | . 46 33 . . 50 Core Remaining (%) 69 | 100 . 38 . . . Volleys Fired 217 | . 51 25 73 2 66 Largest 2 | . 2 2 2 2 2 Hottest 125 | . 80 125 90 92 79 Shots Fired 422 | . 102 48 140 4 128 Gun 317 | . 99 24 66 2 126 Cannon 90 | . 3 24 63 . . Launcher 15 | . . . 11 2 2 Special . | . . . . . . Kinetic 222 | . 78 15 57 . 72 Thermal 185 | . 24 33 72 2 54 Explosive 15 | . . . 11 2 2 Electromagnetic . | . . . . . . Robot Hit Streak 18 | . 8 9 18 1 13 Robot Miss Streak 5 | . 5 3 2 1 3 Penetration Max . | . . . . . . Secondary Targets 2 | . 1 . . . 1 Max Gunslinging Chain 1 | . 1 . . . 1 Shots Hit Robots 273 | . 58 31 88 1 95 Core Hits 114 | . 24 10 50 3 27 Critical Kills . | . . . . . . Critical Parts Destroyed 1 | . 1 . . . . Critical Strikes 9 | . 1 1 . . 7 Burn 7 | . . 1 . . 6 Destroy 2 | . 1 . . . 1 Melee Attacks . | . . . . . . Impact . | . . . . . . Slashing . | . . . . . . Piercing . | . . . . . . Sneak Attacks . | . . . . . . Combat Hostiles . | . . . . . . Follow-up Attacks . | . . . . . . Damage Inflicted 4401 | . 667 468 1633 205 1428 Guns 2318 | . 630 223 407 . 1058 Cannons 1043 | . 35 245 763 . . Explosions 1034 | . . . 459 205 370 Melee . | . . . . . . Ramming 6 | . 2 . 4 . . Kinetic 1736 | . 489 100 319 . 828 Thermal 1625 | . 176 368 851 . 230 Explosive 1034 | . . . 459 205 370 Electromagnetic . | . . . . . . Impact . | . . . . . . Slashing . | . . . . . . Piercing . | . . . . . . Highest Corruption 5 | . 1 5 . . . Average Corruption 3 | . 1 4 . . . Corruption Purged . | . . . . . . Corruption Blocked . | . . . . . . Effects 22 | . 2 20 . . . Message Errors 3 | . 1 2 . . . Matter Fused 6 | . . 6 . . . Heat Flow Errors 2 | . 1 1 . . . Energy Discharges 3 | . . 3 . . . Data Loss (minor) 4 | . . 4 . . . Data Loss (major) 1 | . . 1 . . . Misfires 1 | . . 1 . . . Weapon Failures 2 | . . 2 . . . Overload Shots . | . . . . . . Overflow Damage 75 | . . 9 . . 66 Projectiles 9 | . . 9 . . . Explosions 66 | . . . . . 66 Melee . | . . . . . . Knockbacks . | . . . . . . Impact . | . . . . . . Kinetic . | . . . . . . Secondary . | . . . . . . Self-Inflicted Damage 30 | . . . . 30 . Shots 1 | . . . . 1 . Rammed 2 | . 1 . 1 . . Targets Rammed 2 | . 1 . 1 . . Kicked . | . . . . . . Crushed . | . . . . . . Highest Temperature 369 | . 127 369 15 . 60 Average Temperature 78 | . 43 144 6 . 20 Received Heat Transfer 723 | . 210 168 345 . . Effects 3 | . . 3 . . . Shutdowns 2 | . . 2 . . . Energy Bleed 1 | . . 1 . . . Siege Activations . | . . . . . . Robots Corrupted . | . . . . . . Combat Hostiles . | . . . . . . Parts Fried . | . . . . . . Impact Corruptions . | . . . . . . Robots Melted . | . . . . . . Combat Hostiles . | . . . . . . Parts Melted 3 | . 1 . 2 . . Heat Transferred 3633 | . 399 888 1850 . 496 Parts Sabotaged . | . . . . . . Parts Stolen . | . . . . . . Parts Stripped . | . . . . . . Power Chain Reactions . | . . . . . . Missiles Intercepted . | . . . . . . Alert | -11 -10 -10 -9 -9 -9 ------- Run | Jun Mat Min Mat Min Exi Peak Influence 395 | . 186 64 395 242 . Initial 153 | . . 13 24 153 . Average 152 | . 80 21 273 239 . Maximum Alert Level 1 | . . . 1 1 . Low Security (%) 62 | 100 100 100 20 1 . Level 1 37 | . . . 79 98 . Level 2 . | . . . . . . Level 3 . | . . . . . . Level 4 . | . . . . . . Level 5 . | . . . . . . High Security . | . . . . . . Max Security . | . . . . . . Squads Dispatched 3 | . 3 . . . . Investigation 1 | . 1 . . . . Extermination . | . . . . . . Reinforcement 2 | . 2 . . . . Assault . | . . . . . . Garrison . | . . . . . . Intercept . | . . . . . . Searches Triggered . | . . . . . . Construction Impeded . | . . . . . . Haulers Reinforced . | . . . . . . Active Scanning Responses . | . . . . . . Cargo Convoy Interrupts . | . . . . . . Stealth | -11 -10 -10 -9 -9 -9 --------- Run | Jun Mat Min Mat Min Exi Distress Signals 4 | . 3 1 . . . Communications Jammed . | . . . . . . Distress Signals . | . . . . . . Times Spotted 71 | . 20 11 35 3 2 Peak Tracking Total 5 | . 5 4 5 3 3 Tactical Retreats 4 | . . 1 3 . . Traps | -11 -10 -10 -9 -9 -9 ------- Run | Jun Mat Min Mat Min Exi Traps Triggered 2 | . 2 . . . . Indirectly . | . . . . . . Trap Hack Attempts . | . . . . . . Triggered . | . . . . . . Disarmed . | . . . . . . Reprogrammed . | . . . . . . Reused . | . . . . . . Traps Extracted . | . . . . . . Installed . | . . . . . . Triggered . | . . . . . . Machines | -11 -10 -10 -9 -9 -9 ---------- Run | Jun Mat Min Mat Min Exi Machines Disabled 5 | . . . 2 . 3 Max in Single Turn 2 | . . . 1 . 2 Machines Repaired . | . . . . . . Machines Sabotaged . | . . . . . . Overloaded Fab Kills . | . . . . . . Hacking | -11 -10 -10 -9 -9 -9 --------- Run | Jun Mat Min Mat Min Exi Machines Accessed 5 | . 1 . . . 4 Terminals 1 | . 1 . . . . Fabricators . | . . . . . . Repair Stations . | . . . . . . Recycling Units . | . . . . . . Scanalyzers . | . . . . . . Garrison Access . | . . . . . . Total Hacks 29 | . 2 . . . 27 Successful 29 | . 2 . . . 27 Failed . | . . . . . . Catastrophic . | . . . . . . Database Lockouts . | . . . . . . Manual 1 | . . . . . 1 Terminals 2 | . 2 . . . . Fabricators . | . . . . . . Repair Stations . | . . . . . . Recycling Units . | . . . . . . Scanalyzers . | . . . . . . Garrison Access . | . . . . . . Terminal Hacks 29 | . 2 . . . 27 Record 27 | . 1 . . . 26 Alert Level 1 | . 1 . . . . EX-Prototype ID Bank 1 | . . . . . 1 Fabricator Hacks . | . . . . . . Repair Station Hacks . | . . . . . . Recycling Unit Hacks . | . . . . . . Scanalyzer . | . . . . . . Garrison Access Hacks . | . . . . . . Unauthorized Hacks . | . . . . . . Terminals . | . . . . . . Fabricators . | . . . . . . Repair Stations . | . . . . . . Recycling Units . | . . . . . . Scanalyzers . | . . . . . . Garrison Access . | . . . . . . Data Cores Recovered . | . . . . . . Used . | . . . . . . Hacking Detections 1 | . 1 . . . . Full Trace Events . | . . . . . . Feedback Events . | . . . . . . Feedback Blocked . | . . . . . . Robot Schematics Acquired . | . . . . . . Robots Built . | . . . . . . Authchips . | . . . . . . Time . | . . . . . . Total Robot Build Rating . | . . . . . . Part Schematics Acquired . | . . . . . . Parts Built . | . . . . . . Authchips . | . . . . . . Time . | . . . . . . Total Part Build Rating . | . . . . . . Parts Repaired . | . . . . . . Time . | . . . . . . Parts Recycled . | . . . . . . Recycled Matter . | . . . . . . Retrieved Matter . | . . . . . . Retrieved Components . | . . . . . . Parts Scanalyzed . | . . . . . . Part Schematics Acquired . | . . . . . . Parts Damaged . | . . . . . . Bothacking | -11 -10 -10 -9 -9 -9 ------------ Run | Jun Mat Min Mat Min Exi Used RIF Installer . | . . . . . . Robots Hacked . | . . . . . . Non-combat . | . . . . . . Combat . | . . . . . . Robot Hacks Applied . | . . . . . . Relay Couplers Released . | . . . . . . Fabnet Peak Effective % . | . . . . . . Robots Rewired . | . . . . . . Allies Hacked . | . . . . . . Hacks Repelled . | . . . . . . Allies | -11 -10 -10 -9 -9 -9 -------- Run | Jun Mat Min Mat Min Exi Total Allies 3 | . . 3 . . . Largest Group 3 | . . 3 . . . Highest-Rated Group 40 | . . 40 . . . Highest-Rated Ally 16 | . . 16 . . . Total Orders . | . . . . . . Ally Attacks 28 | . . 28 . . . Total Damage 310 | . . 310 . . . Kills 3 | . . 3 . . . Allies Corrupted . | . . . . . . Allies Melted . | . . . . . . Intel | -11 -10 -10 -9 -9 -9 ------- Run | Jun Mat Min Mat Min Exi Robot Analysis Total . | . . . . . . Derelict Logs Recovered 1 | . . 1 . . . Drone Launches . | . . . . . . Drone Recoveries . | . . . . . . Exploration | -11 -10 -10 -9 -9 -9 ------------- Run | Jun Mat Min Mat Min Exi Turns Passed 5267 | 61 839 1004 1550 126 1687 Spaces Moved 2689 | 49 483 473 713 64 907 Core 3 | 3 . . . . . Treads 2119 | 3 94 406 645 64 907 Legs . | . . . . . . Wheels 567 | 43 389 67 68 . . Hover . | . . . . . . Flight . | . . . . . . Fastest Speed 50 | 50 95 95 95 160 160 Average Speed 152 | 100 115 157 166 160 160 Slowest Speed 240 | 160 240 240 240 160 240 Overloaded Moves . | . . . . . . Propulsion Burnouts . | . . . . . . Robots Hopped . | . . . . . . Cave-ins Triggered . | . . . . . . Exploration Rate (%) 54 | 3 82 70 67 15 91 Regions Visited 5 Branch Regions 3 Pre-discovered Areas 1 | . . 1 . . . Known Exits Taken . | . . . . . . Unknown Exits Taken 5 | 1 1 1 1 1 . Scrap Searched 2 | . . 1 . 1 . Spaces Dug . | . . . . . . Terrain Destroyed 119 | . . . 84 26 9 Melee . | . . . . . . Projectile . | . . . . . . AOE 119 | . . . 84 26 9 Terrain Rammed . | . . . . . . Walls Destroyed . | . . . . . . Machines Disabled . | . . . . . . Actions | -11 -10 -10 -9 -9 -9 --------- Run | Jun Mat Min Mat Min Exi Total 3472 | 57 670 687 953 84 1021 Wait 411 | . 105 180 102 12 12 Move 2684 | 48 482 472 712 63 907 Hop . | . . . . . . Pick Up 48 | 3 12 3 18 2 10 Fast Attach 11 | 6 2 1 2 . . Attach 21 | . 3 3 4 1 10 Detach . | . . . . . . Swap 32 | . 5 1 18 2 6 Drop 46 | . 9 2 23 2 10 Fire 217 | . 51 25 73 2 66 Melee . | . . . . . . Ram . | . . . . . . Kick . | . . . . . . Crush 2 | . 1 . 1 . . Escape Stasis . | . . . . . . Rewire . | . . . . . . Trap . | . . . . . . Miscellaneous . | . . . . . . Route ------- -11/Junkyard -10/Materials (discovered 4 exits: [*Mat x2] / [*Min x2]) -10/Mines -9/Materials (discovered 3 exits: [*Min x2] / [*Sto]) -9/Mines -9/Exiles (discovered 2 exits: [*Min x2]) History --------- Turn | Location | Event 19 | -11/Junkyard | Discovered new exit (range 15) 62 | -11/Junkyard | Entered Materials 255 | -10/Materials | Discovered new exit (range 7) 313 | -10/Materials | Build established: Mutant 430 | -10/Materials | Discovered new exit (range 14) 609 | -10/Materials | Discovered new exit (range 11) 765 | -10/Materials | Discovered new exit (range 15) 901 | -10/Materials | Entered Mines 902 | -10/Mines | Learned location of Storage (-9) 941 | -10/Mines | Met a Derelict bent on vengeance 946 | -10/Mines | Excavation squad dispatched 946 | -10/Mines | A large section of the Mines collapsed 1161 | -10/Mines | Lost 3 parts (1n1u1w) 1185 | -10/Mines | Joined a pair of Derelicts in attacking an 0b10 outpost 1196 | -10/Mines | Excavation squad dispatched 1317 | -10/Mines | Learned Materials emergency access door positions 1357 | -10/Mines | Assisted by bots powering up and referring to "LRC-V3" 1446 | -10/Mines | Excavation squad dispatched 1696 | -10/Mines | Excavation squad dispatched 1768 | -10/Mines | Core integrity fell below 50% 1884 | -10/Mines | Discovered new exit (range 12) 1905 | -10/Mines | Entered Materials 1905 | -9/Materials | Evolved 2 slots: Utility x2 2112 | -9/Materials | Discovered new exit (range 12) 2339 | -9/Materials | Build established: Scavenger-Mutant 2733 | -9/Materials | Discovered new exit (range 12) 3383 | -9/Materials | Discovered new exit (range 8) 3455 | -9/Materials | Entered Mines 3573 | -9/Mines | Deemed a non-threat by the Exiles lab entrance 3575 | -9/Mines | Discovered new exit (range 5) 3581 | -9/Mines | Entered Exiles 3612 | -9/Exiles | Discovered new exit (range 15) 3711 | -9/Exiles | Met 8R-AWN 3730 | -9/Exiles | Met EX-HEX 3797 | -9/Exiles | Met EX-DEC 3894 | -9/Exiles | Visited The Gauntlet 4209 | -9/Exiles | Discovered new exit (range 14) 4332 | -9/Exiles | Met EX-BIN 4514 | -9/Exiles | Aligned with FarCom system 4516 | -9/Exiles | Given EX-Vault access code 4564 | -9/Exiles | Opened EX-Vault 4580 | -9/Exiles | Found Trap Reconfigurator 4585 | -9/Exiles | Found Field Lobotomy Kit 4590 | -9/Exiles | Found Cloak of Protection 4624 | -9/Exiles | Warned to stay clear of 0b10 Research branches 5067 | -9/Exiles | Attacked by the Exiles 5126 | -9/Exiles | Core integrity fell below 50% 5177 | -9/Exiles | Lost 6 parts (1p2n2u1w) 5210 | -9/Exiles | Core integrity fell below 20% 5268 | -9/Exiles | Destroyed by 8R-AWN with 8R-AWN's Boregun Last Messages --------------- 05213_ Critical hit (Destroy). 05213_ Hvy. Assault Rifle destroyed. 05217_ Penetrated by HV Slug. 05225_ 8R-AWN suffers critical hit (Destroy). 05226_ Penetrated by HV Slug. 05226_ Heat Sink destroyed. 05226_ HV Slug penetrates Wall. 05226_ HV Slug penetrates Earth. 05230_ Penetrated by HV Slug. 05230_ Critical hit (Destroy). 05230_ Lgt. Treads destroyed. 05230_ Penetrated by HV Slug. 05234_ Critical hit (Destroy). 05234_ Imp. Heat Sink destroyed. 05234_ Penetrated by HV Slug. 05247_ Critical hit (Destroy). 05247_ Beam Rifle destroyed. 05251_ Penetrated by HV Slug. 05264_ HV Slug penetrates Wall. 05268_ Penetrated by HV Slug. Map ----- +----------------------------------------------------+ | """#???????????????????????????????????? | | """#???????????????????????????????????? | | """#???????????????????????????????????? | | """##??????????????????????????????????? | | """""??????????????????????????????????? | | """##??????????????????????????????????? | | "X" """""??????????????????????????????????? | | """ # ??????????????????????????????????? | | """""""""#???????????????????????????????????? | | ###########???????????????????????????????????? | | #?????????????????????????????????????????????? | | #?????????????????????????????????????????????? | | ##????????????????????????????????????????????? | | ##???###########?????????????????????????????? | | #####"""" """"##????????????????????????????? | | " """ """"##???????????????????????????? | | "" " #???????????????????????????? | | " """#???????????????????????????? | | a"#???????????#####???????????? | | " "##?????????##" #???????????? | | "###???????#" #???????????? | | " ""#?##???##" ##??????????? | | """ "## #?### ###????????# | | ####""" ;; #?# ########## | | ???##""" ;;### #""""## | | ????#"""" @;## | | ????#"" g ## | | ???#"""" #### | | ??"" #?#"""""#### | | "" #"""##?#######??####** | | ######??????????????### | | ##?????????????????????? | | " ##??????????????????????? | | "" """ #???????????????????????? | | ##""" " " ""#" % % ##???????????????????????? | | ??#####""" """## ##????????????????????????? | | ??????###""""### #?????????????????????????? | | ????????#####???#### #??????????????????????????? | | ???????????????????###???????????????????????????? | | ?????????????????????????????????????????????????? | | ?????????????????????????????????????????????????? | | ?????????????????????????????????????????????????? | | ?????????????????????????????????????????????????? | | ?????????????????????????????????????????????????? | | ?????????????????????????????????????????????????? | | ?????????????????????????????????????????????????? | | ?????????????????????????????????????????????????? | | ?????????????????????????????????????????????????? | | ?????????????????????????????????????????????????? | | ?????????????????????????????????????????????????? | +----------------------------------------------------+ Best States ------------- Heat Dissipation 74 Energy Generation 12 Energy Capacity 265 Matter Stores 300 Matter Capacity 500 Sight Range 16 Terrain Scan Density 10 Armor Coverage 150 Weapon Shielding 33 Evasion (%) 41 Recoil Reduction 2 Item Schematics ----------------- None Robot Schematics ------------------ None Fabricated ------------ Nothing Alien Tech Used ----------------- None Achievements -------------- None Challenges ------------ None Game ------ Seed ThermicBlastStorm Manual? 0 Play Time 00:39:42 Cumulative 95.3 hours Start 2023.08.14 @ 15:29:56 End 2023.08.14 @ 16:42:33 Sessions 1 Manual Loads 0 Difficulty Rogue Special Mode None Game No. 127 Rogue 127 Adventurer 0 Explorer 0 Win Type - Total 1 Types 1/0/0/0/0/0/0/0/0 Lore% 50 Gallery% 54 Achievement% 46 Wizard Run 0 Options --------- ASCII 0 Keyboard 0 Movement Mouse Keybinds 0 Fullscreen 1 Font 18/SmallcapsGlow Map View 76x50 Tactical HUD 1 Map Filters NONE Filters NONE Steam 1 RUN: e3dd8a59-eb0d-4f00-8108-13164adbc0d9